 Dungeon Crawl Stone Soup version 0.19.5 (webtiles) character file.

845 snowfan the Conjurer (level 7, -11/36 HPs)
             Began as a Deep Elf Wizard on May 10, 2017.
             Mangled by Prince Ribbit (18 damage)
             ... on level 6 of the Dungeon.
             The game lasted 00:36:37 (6659 turns).

snowfan the Conjurer (Deep Elf Wizard)              Turns: 6659, Time: 00:36:38

Health: -11/36     AC:  7    Str:  4    XL:     7   Next: 68%
Magic:  1/15       EV: 14    Int: 25    God:
Gold:   236        SH:  0    Dex: 13    Spells: 6 memorised, 1 level left

rFire  . . .     SeeInvis +     k - +0 hunting sling
rCold  . . .     Gourm    +     a - +0 robe
rNeg   . . .     Faith    .     (no shield)
rPois  .         Spirit   .     b - +1 hat
rElec  .         Reflect  .     l - +2 cloak
rCorr  .         Harm     .     n - +0 pair of gloves
MR     .....                    (no boots)
Stlth  ++........               u - amulet of the gourmand
                                (no ring)
                                y - ring of see invisible

@: no status effects
A: no striking features
a: no special abilities


You were on level 6 of the Dungeon.
You were full.

You visited 1 branch of the dungeon, and saw 6 of its levels.

You collected 236 gold pieces.

Inventory:

Hand Weapons
 j - a +0 dagger
 k - a +0 hunting sling (weapon)
Missiles
 i - 111 stones (quivered)
Armour
 a - a +0 robe (worn)
 b - a +1 hat (worn)
 l - a +2 cloak (worn)
 n - a +0 pair of gloves (worn)
Jewellery
 q - an uncursed ring of ice
 u - an amulet of the gourmand (around neck)
 y - a ring of see invisible (left hand)
Scrolls
 g - 2 scrolls of enchant armour
 m - 3 scrolls of identify
 p - a scroll of remove curse
Potions
 v - 2 potions of flight
Books
 c - a book of Minor Magic

   Spells                             Type                      Level
   a - Magic Dart                     Conjuration                  1
   b - Blink                          Translocation                2
   c - Call Imp                       Summoning                    2
   d - Repel Missiles                 Charms/Air                   2
   e - Slow                           Hexes                        2
   f - Conjure Flame                  Conjuration/Fire             3
   g - Mephitic Cloud                 Conjuration/Poison/Air       3
 x - a book of Necromancy

   Spells                             Type                      Level
   a - Pain                           Necromancy                   1
   b - Animate Skeleton               Necromancy                   1
   c - Vampiric Draining              Necromancy                   3
   d - Regeneration                   Charms/Necromancy            3
   e - Animate Dead                   Necromancy                   4
   f - Control Undead                 Necromancy                   4
Comestibles
 d - 3 bread rations
 r - 2 meat rations


   Skills:
 + Level 4.4 Dodging
 - Level 2.4 Stealth
 - Level 4.4 Spellcasting
 - Level 6.8 Conjurations
 - Level 4.7 Hexes
 - Level 4.6 Charms
   Level 1.1 Summonings
 - Level 1.1 Translocations


You had one spell level left.
You knew the following spells:

 Your Spells              Type           Power        Failure   Level  Hunger
a - Magic Dart            Conj           ####         1%          1    None
b - Blink                 Tloc           N/A          10%         2    None
c - Mephitic Cloud        Conj/Pois/Air  ###.....     12%         3    ##.....
d - Conjure Flame         Conj/Fire      ###.....     8%          3    ##.....
l - Slow                  Hex            ####....     1%          2    None
m - Repel Missiles        Chrm/Air       ###...       8%          2    None


Dungeon Overview and Level Annotations

Branches:
Dungeon (6/15)
 Temple: D:4-7

Altars:
Trog

Shops:
D:5 [

Annotations:
D:4 edgar's ghost, amateur HOFi
D:5 Aguirre's ghost, novice GrFi
D:6 Prince Ribbit


Message History

You see here a great mace.
Prince Ribbit blinks!
Okay, then.
Okay, then.
The crimson imp hits you but does no damage.
Firing (i - inventory):
i - 112 stones (quivered)
Press: ? - help, Shift-Dir - straight line, f/p - Prince Ribbit
Aim: Prince Ribbit
Okay, then.
Okay, then.
Quiver which item? (- for none, * to show all) (? for menu, Esc to quit)
Quivering
i - 112 stones for slings.
You are too injured to fight recklessly!
Firing (i - inventory):
i - 112 stones (quivered)
Press: ? - help, Shift-Dir - straight line, f/p - Prince Ribbit
Aim: Prince Ribbit You shoot a stone.
The stone closely misses Prince Ribbit.
The crimson imp completely misses you. Prince Ribbit hits you!!
Ouch! That really hurt!
You die...

....'.,,,*****
....###***
....###########
.......5...5..#
#############.####
#..5.# ####.# #5#
#@# #F# #.#
***************#.#
,,,,,,,,,,,,,,,.(#
***************###


You could see Prince Ribbit and 2 crimson imps.

Vanquished Creatures
  Edmund (D:5)
  2 eyes of draining (D:3)
  An ice beast (D:6)
  A centaur (D:6)
  Blork the orc (D:4)
  A jelly (D:6)
  An orc priest (D:4)
  An iguana (D:6)
  A worker ant (D:6)
  6 adders
  4 gnolls (D:3)
  A shadow imp (D:6)
  A dart slug (D:1)
  A worm (D:2)
  3 leopard geckos
  6 orcs (D:3)
  2 giant cockroaches
  7 goblins
  12 hobgoblins
  8 jackals
  11 kobolds
  4 quokkas
  9 bats
  5 frilled lizards
  6 rats
  A bush (D:6)
97 creatures vanquished.

Notes
Turn   | Place    | Note
-------+----------+-------------------------------------------
     0 | D:1      | snowfan the Deep Elf Wizard began the quest for the Orb.
     0 | D:1      | Reached XP level 1. HP: 10/10 MP: 7/7
   377 | D:1      | Reached skill level 2 in Conjurations
   420 | D:1      | Reached XP level 2. HP: 8/15 MP: 6/9
   699 | D:1      | Reached skill level 3 in Conjurations
  1069 | D:2      | Reached XP level 3. HP: 18/19 MP: 6/10
  1489 | D:2      | Reached skill level 4 in Conjurations
  1898 | D:3      | Reached XP level 4. HP: 24/24 MP: 1/12
  2313 | D:3      | Reached skill level 5 in Conjurations
  2583 | D:3      | Reached XP level 5. HP: 28/28 MP: 11/13
  2609 | D:3      | Learned a level 2 spell: Repel Missiles
  2734 | D:3      | Learned a level 2 spell: Blink
  2785 | D:3      | Noticed an eye of draining
  2866 | D:3      | Learned a level 3 spell: Conjure Flame
  2869 | D:3      | Learned a level 2 spell: Slow
  2902 | D:3      | Noticed an eye of draining
  3187 | D:3      | Killed an eye of draining
  3453 | D:3      | Killed an eye of draining
  3453 | D:3      | Reached skill level 6 in Conjurations
  3453 | D:3      | Reached XP level 6. HP: 32/32 MP: 0/14
  3585 | D:3      | Found a bloodstained altar of Trog.
  3839 | D:4      | Noticed edgar's ghost (amateur HOFi)
  4280 | D:4      | Noticed an ice beast
  4325 | D:4      | Noticed Blork the orc
  4329 | D:5      | Entered Level 5 of the Dungeon
  4329 | D:5      | Noticed Aguirre's ghost (novice GrFi)
  4343 | D:4      | Killed Blork the orc
  4441 | D:4      | Learned a level 3 spell: Mephitic Cloud
  4819 | D:6      | Reached skill level 1 in Hexes
  4906 | D:6      | Reached XP level 7. HP: 12/36 MP: 7/15
  6033 | D:5      | Noticed Prince Ribbit
  6298 | D:5      | Noticed Edmund
  6314 | D:5      | Killed Edmund
  6528 | D:5      | Found Zyuhef's Antique Armour Boutique.
  6659 | D:6      | Mangled by Prince Ribbit

Skill      XL: |  1  2  3  4  5  6  7 |
---------------+----------------------+-----
Conjurations   | 2 3 4 5 6 |  6.8
Charms         | 3 4 |  4.6
Hexes          | 3 4 |  4.7
Dodging        | 4 |  4.4
Stealth        | |  2.4
Spellcasting   | |  4.4
Summonings     | |  1.1
Translocations | |  1.1

Action                   |  1- 3 |  4- 6 |  7- 9 || total
-------------------------+-------+-------+-------++-------
Melee: Dagger            |    21 |       |   481 ||   502
 Fire: Hunting sling     |       |    71 |    47 ||   118
 Cast: Magic Dart        |    87 |   170 |   136 ||   393
       Repel Missiles    |       |     1 |       ||     1
       Conjure Flame     |       |     1 |     6 ||     7
       Blink             |       |     1 |     4 ||     5
  Use: Scroll            |     3 |     3 |     3 ||     9
       Potion            |       |     1 |     9 ||    10
  Eat: Chunk             |     7 |    16 |     5 ||    28
       Royal jelly       |       |     1 |       ||     1
Armor: Robe              |    16 |    23 |     6 ||    45
       Skin              |       |       |    35 ||    35
Dodge: Dodged            |    27 |    44 |    32 ||   103
       Deflected         |       |     6 |       ||     6
